Rangers vs Panthers
(R2)
Created - November 12, 2017 at 22:19
Goals
|
Rangers |
1 |
2 |
0 |
3 |
Panthers |
0 |
1 |
1 |
2 |
|
Shots
|
Rangers |
5 |
7 |
5 |
17 |
Panthers |
9 |
14 |
9 |
32 |
|
1st period
1. Rangers , Jakob Silfverberg 7 (Mike Cammalleri 3) at 12:54
Penalties :
Guillaume Latendresse (Flo) for Tripping (Minor) at 0:22, Sergei Samsonov (Flo) for Hooking (Minor) at 4:29, Erik Gudbranson (Flo) for Hooking (Minor) at 6:25, Staffan Kronwall (NYR) for Tripping (Minor) at 13:56
2nd period
2. Rangers , Milan Lucic 11 (Patrice Bergeron 10) at 0:40 (PP)
3. Rangers , Matt Read 5 (Sean Couturier 4) at 5:26
4. Panthers , Marian Hossa 15 (Tim Connolly 21, Guillaume Latendresse 11) at 7:55 (PP)
Penalties :
Scott Gomez (Flo) for Roughing (Minor) at 0:23, Ian White (Flo) for Roughing (Minor) at 1:03, Sean Couturier (NYR) for Cross-checking (Minor) at 3:17, Sean Couturier (NYR) for Slashing (Minor) at 7:39, Patrice Bergeron (NYR) for Holding (Minor) at 9:43, Daniel Sedin (Flo) for Slashing (Minor) at 15:21, Jakob Silfverberg (NYR) for Holding (Minor) at 18:15
3rd period
5. Panthers , Tim Connolly 4 (Marian Hossa 7) at 0:30
Penalties :
Sergei Samsonov (Flo) for Tripping (Minor) at 3:45, Milan Lucic (NYR) for Hooking (Minor) at 9:44, Sean Couturier (NYR) for Hooking (Minor) at 12:54, Erik Gudbranson (Flo) for Tripping (Minor) at 13:39, Jonathan Sigalet (Flo) for Cross-checking (Minor) at 14:56
Goalie Stats
Henrik Lundqvist (NYR), 30 saves from 32 shots - (0.938), W, 8-3-0, 60:00 minutes
Antti Niemi (Flo), 14 saves from 17 shots - (0.824), L, 4-5-1, 59:15 minutes
Players Stats for Rangers
Player Name G A P +/- PIM S H SB GA TA FO MP PP MP PK MP
------------------------------------------------------------------------------------
Alexei Emelin 0 0 0 0 0 1 1 0 0 0 0/0 10:58 0:06 1:08
Cam Barker 0 0 0 1 0 1 0 1 0 0 0/0 28:05 8:24 6:27
Colten Teubert 0 0 0 0 0 0 2 4 0 0 0/0 15:26 0:00 4:29
Gustav Nyquist 0 0 0 0 0 0 1 1 2 1 1/1 12:52 6:21 0:00
Jakob Silfverberg 1 0 1 1 2 3 0 0 0 0 0/0 17:26 8:21 0:00
James Neal 0 0 0 -1 0 1 1 0 2 0 0/0 18:01 7:43 0:00
Mark Fistric 0 0 0 0 0 1 0 2 0 0 0/0 25:50 5:49 6:17
Matt Read 1 0 1 1 0 1 2 0 0 0 0/0 7:41 0:06 0:00
Mike Cammalleri 0 1 1 1 0 1 2 0 0 0 1/1 19:53 6:21 4:12
Milan Lucic 1 0 1 -1 2 2 4 0 2 0 7/15 25:14 7:43 5:10
Nathan Gerbe 0 0 0 0 0 0 0 0 0 0 1/2 9:20 0:00 2:54
Nick Foligno 0 0 0 1 0 2 1 0 0 0 0/0 7:04 0:00 0:23
Patrice Bergeron 0 1 1 -1 2 1 4 1 0 1 14/23 24:09 7:43 5:00
Patrik Nemeth 0 0 0 1 0 0 2 1 0 0 0/0 11:13 0:00 0:00
Sean Couturier 0 1 1 1 6 0 1 0 0 0 1/1 15:37 5:46 1:26
Staffan Kronwall 0 0 0 0 2 0 0 0 0 1 0/0 13:22 0:00 3:31
Stephen Weiss 0 0 0 1 0 2 1 0 0 0 6/10 18:08 6:21 2:47
Valtteri Filppula 0 0 0 0 0 1 0 0 0 1 2/3 7:24 0:06 0:00
Players Stats for Panthers
Player Name G A P +/- PIM S H SB GA TA FO MP PP MP PK MP
------------------------------------------------------------------------------------
Alexander Perezhogin 0 0 0 0 0 1 1 0 0 0 0/0 7:20 0:13 0:00
Daniel Sedin 0 0 0 0 2 1 3 0 0 0 0/0 9:52 0:13 2:07
Erik Gudbranson 0 0 0 1 4 1 2 0 0 2 0/0 26:55 6:34 7:20
Guillaume Latendresse 0 1 1 1 2 7 6 0 1 2 0/6 25:03 6:14 6:28
Ian White 0 0 0 0 2 4 1 2 0 0 0/0 28:19 6:35 7:16
Jeff Tambellini 0 0 0 -2 0 3 0 0 0 0 0/0 7:05 0:03 0:34
Jonathan Matsumoto 0 0 0 -2 0 0 0 0 0 0 0/2 5:50 0:00 0:00
Jonathan Sigalet 0 0 0 0 2 2 4 1 0 0 0/0 22:01 4:21 5:10
Marian Hossa 1 1 2 1 0 3 2 1 2 0 1/1 22:54 6:04 4:11
Matthew Spiller 0 0 0 -1 0 0 2 0 0 2 0/0 23:40 4:21 6:24
Peter Prucha 0 0 0 0 0 3 2 0 1 0 0/0 12:53 4:39 0:00
Radko Gudas 0 0 0 -1 0 1 2 0 0 0 0/0 10:29 0:00 2:03
Scott Gomez 0 0 0 0 2 2 2 0 0 0 5/16 20:25 4:39 7:03
Sergei Samsonov 0 0 0 0 4 0 4 0 0 0 0/0 13:36 4:39 0:17
Shawn Horcoff 0 0 0 0 0 1 0 1 0 0 5/6 13:34 0:00 6:30
Tim Connolly 1 1 2 1 0 2 4 0 0 0 12/25 19:12 6:04 0:22
Tomas Kopecky 0 0 0 -2 0 0 1 0 0 0 0/0 5:50 0:00 0:00
William Colbert 0 0 0 -1 0 1 0 1 0 0 0/0 8:44 0:00 0:08
3 Stars
1 - Tim Connolly (Flo)
2 - Marian Hossa (Flo)
3 - Matt Read (NYR)
Power Play
Rangers - 1 on 9 Attempt(s) - 11.11%
Panthers - 1 on 7 Attempt(s) - 14.29%
Penalty Kill
Rangers - 6 on 7 Attempt(s) - 85.71%
- Score 0 goal in Penalty Kill
Panthers - 8 on 9 Attempt(s) - 88.89%
- Score 0 goal in Penalty Kill
Team Stat
Rangers - Hits : 22 - Faceoff Wins : 33 - Blocked Shots : 10 - Penalty Minutes : 14
Panthers - Hits : 36 - Faceoff Wins : 23 - Blocked Shots : 6 - Penalty Minutes : 18
Official
Referees : Morton Dean and Sutherland Kelly
Linesman : Mark Shewchyk and Mark Wheler
Game Notes
No Game Note
Finance
Level 1 -- Attendance: 5245 (87.42%) -- Ticket Income $461,560
Level 2 -- Attendance: 4940 (98.80%) -- Ticket Income $271,700
Level 3 -- Attendance: 1107 (55.35%) -- Ticket Income $55,350
Level 4 -- Attendance: 2572 (64.30%) -- Ticket Income $82,304
Luxury Box -- Attendance: 1000 (100.00%) -- Ticket Income $145,000
Game was played at the Bank Atlantic Cente.
Total Attendance: 14864 (82.58%)
Total Ticket Income: $1,015,914
Other Income: $152,387
Total Income: $1,168,301
Rangers
5 vs 5 Forward
Center Left Wing Right Wing Time % Phy DF OF
1 Patrice Bergeron Milan Lucic James Neal 40 1 2 2
2 Stephen Weiss Mike Cammalleri Jakob Silfverberg 30 1 2 2
3 Sean Couturier Nick Foligno Matt Read 20 1 2 2
4 Valtteri Filppula Nathan Gerbe Gustav Nyquist 10 1 2 2
5 vs 5 Defense
Defense Defense Time % Phy DF OF
1 Cam Barker Patrik Nemeth 40 1 2 2
2 Mark Fistric Colten Teubert 35 1 2 2
3 Staffan Kronwall Alexei Emelin 20 1 2 2
4 Staffan Kronwall Alexei Emelin 5 1 2 2
PowerPlay Forward
Center Left Wing Right Wing Time % Phy DF OF
1 Patrice Bergeron Milan Lucic James Neal 60 1 1 3
2 Stephen Weiss Mike Cammalleri Gustav Nyquist 40 1 1 3
PowerPlay Defense
Defense Defense Time % Phy DF OF
1 Cam Barker Jakob Silfverberg 60 0 1 4
2 Mark Fistric Sean Couturier 40 0 1 4
Penalty Kill 4 Players Forward
Center Wing Time % Phy DF OF
1 Milan Lucic Patrice Bergeron 60 1 2 2
2 Stephen Weiss Mike Cammalleri 40 1 2 2
Penalty Kill 4 Players Defense
Defense Defense Time % Phy DF OF
1 Cam Barker Mark Fistric 60 1 2 2
2 Colten Teubert Staffan Kronwall 40 1 2 2
Penalty Kill - 3 Players Forward
Forward Time % Phy DF OF
1 Milan Lucic 60 1 2 2
2 Patrice Bergeron 40 1 2 2
Penalty Kill - 3 Players Defense
Defense Defense Time % Phy DF OF
1 Cam Barker Mark Fistric 60 1 2 2
2 Colten Teubert Staffan Kronwall 40 1 2 2
4 vs 4 Forward
Center Wing Time % Phy DF OF
1 Milan Lucic Gustav Nyquist 60 1 2 2
2 Stephen Weiss Mike Cammalleri 40 1 2 2
4 vs 4 Defense
Defense Defense Time % Phy DF OF
1 Cam Barker Mark Fistric 60 1 2 2
2 Colten Teubert Patrik Nemeth 40 1 2 2
Last Minutes Offensive
Center Left Wing Right Wing Defense Defense
Patrice Bergeron Milan Lucic James Neal Cam Barker Mark Fistric
Last Minutes Defensive
Center Left Wing Right Wing Defense Defense
Patrice Bergeron Milan Lucic Sean Couturier Cam Barker Mark Fistric
Goaltenders
Starting : Henrik Lundqvist
Backup : Braden Holtby
Extra Forwards
Normal : Matt Read, Valtteri Filppula, Nathan Gerbe - PP : Matt Read, Valtteri Filppula - PK : Nathan Gerbe
Extra Defensemen
Normal : Patrik Nemeth, Alexei Emelin, Colten Teubert - PP : Patrik Nemeth - PK : Alexei Emelin, Colten Teubert
Penalty Shots
Milan Lucic, Patrice Bergeron, Stephen Weiss, Mike Cammalleri, James Neal
Scratches
Darren Reid (Severed Left Wrist Tendons Injury), Matt Greene (Abdominal Strain Injury), Ryan Suter (Healthy)
Panthers
5 vs 5 Forward
Center Left Wing Right Wing Time % Phy DF OF
1 Tim Connolly Guillaume Latendresse Marian Hossa 40 0 2 3
2 Scott Gomez Sergei Samsonov Peter Prucha 30 0 2 3
3 Shawn Horcoff Daniel Sedin Alexander Perezhogin 20 0 2 3
4 Jonathan Matsumoto Jeff Tambellini Tomas Kopecky 10 1 2 2
5 vs 5 Defense
Defense Defense Time % Phy DF OF
1 Ian White Erik Gudbranson 40 0 2 3
2 Matthew Spiller Jonathan Sigalet 30 0 2 3
3 Radko Gudas William Colbert 20 0 3 2
4 Ian White Erik Gudbranson 10 0 2 3
PowerPlay Forward
Center Left Wing Right Wing Time % Phy DF OF
1 Tim Connolly Guillaume Latendresse Marian Hossa 60 1 0 4
2 Scott Gomez Sergei Samsonov Peter Prucha 40 1 0 4
PowerPlay Defense
Defense Defense Time % Phy DF OF
1 Ian White Erik Gudbranson 60 1 1 3
2 Matthew Spiller Jonathan Sigalet 40 1 1 3
Penalty Kill 4 Players Forward
Center Wing Time % Phy DF OF
1 Scott Gomez Guillaume Latendresse 60 1 3 1
2 Shawn Horcoff Marian Hossa 40 1 3 1
Penalty Kill 4 Players Defense
Defense Defense Time % Phy DF OF
1 Ian White Erik Gudbranson 60 1 3 1
2 Jonathan Sigalet Matthew Spiller 40 1 3 1
Penalty Kill - 3 Players Forward
Forward Time % Phy DF OF
1 Guillaume Latendresse 60 1 3 1
2 Scott Gomez 40 1 3 1
Penalty Kill - 3 Players Defense
Defense Defense Time % Phy DF OF
1 Ian White Erik Gudbranson 60 1 3 1
2 Jonathan Sigalet Matthew Spiller 40 1 3 1
4 vs 4 Forward
Center Wing Time % Phy DF OF
1 Tim Connolly Guillaume Latendresse 60 0 2 3
2 Scott Gomez Marian Hossa 40 0 2 3
4 vs 4 Defense
Defense Defense Time % Phy DF OF
1 Ian White Erik Gudbranson 60 0 2 3
2 Matthew Spiller Jonathan Sigalet 40 1 2 2
Last Minutes Offensive
Center Left Wing Right Wing Defense Defense
Tim Connolly Guillaume Latendresse Marian Hossa Ian White Erik Gudbranson
Last Minutes Defensive
Center Left Wing Right Wing Defense Defense
Scott Gomez Guillaume Latendresse Peter Prucha Jonathan Sigalet Matthew Spiller
Goaltenders
Starting : Antti Niemi
Backup : Petr Mrazek
Extra Forwards
Normal : Sergei Samsonov, Guillaume Latendresse, Marian Hossa - PP : Daniel Sedin, Guillaume Latendresse - PK : Shawn Horcoff
Extra Defensemen
Normal : Matthew Spiller, Ian White, Erik Gudbranson - PP : Jonathan Sigalet - PK : Matthew Spiller, Erik Gudbranson
Penalty Shots
Guillaume Latendresse, Sergei Samsonov, Jeff Tambellini, Marian Hossa, Peter Prucha
Scratches
None
% Time on Ice - Rangers
Lines # - Real PCT - Wanted PCT - Time Play
Normal Forward
1 - 34% - 40% - 11:10
2 - 28% - 30% - 9:04
3 - 20% - 20% - 6:41
4 - 18% - 10% - 5:46
Normal Defense
1 - 37% - 40% - 12:04
2 - 37% - 35% - 12:01
3 - 25% - 20% - 8:19
4 - 1% - 5% - 0:17
PP Forward
1 - 55% - 60% - 7:49
2 - 45% - 40% - 6:21
PP Defense
1 - 59% - 60% - 8:24
2 - 41% - 40% - 5:46
PK Forward
1 - 79% - 60% - 8:41
2 - 21% - 40% - 2:15
PK Defense
1 - 59% - 60% - 6:27
2 - 41% - 40% - 4:29
PK3 Forward
1 - 0% - 60%
2 - 0% - 40%
PK3 Defense
1 - 0% - 60%
2 - 0% - 40%
44 Forward
1 - 73% - 60% - 0:54
2 - 27% - 40% - 0:20
44 Defense
1 - 78% - 60% - 0:58
2 - 22% - 40% - 0:16
Last Minute Offensive - 0:00
Last Minute Defensive - 0:59
Total
Forward - 60:00
Defense - 60:00
|
% Time on Ice - Panthers
Lines # - Real PCT - Wanted PCT - Time Play
Normal Forward
1 - 33% - 40% - 10:50
2 - 28% - 30% - 9:06
3 - 21% - 20% - 6:50
4 - 18% - 10% - 5:50
Normal Defense
1 - 39% - 40% - 12:40
2 - 36% - 30% - 11:35
3 - 26% - 20% - 8:21
4 - 0% - 10% - 0:00
PP Forward
1 - 57% - 60% - 6:17
2 - 43% - 40% - 4:39
PP Defense
1 - 60% - 60% - 6:35
2 - 40% - 40% - 4:21
PK Forward
1 - 68% - 60% - 9:11
2 - 32% - 40% - 4:14
PK Defense
1 - 65% - 60% - 8:42
2 - 35% - 40% - 4:43
PK3 Forward
1 - 91% - 60% - 0:41
2 - 9% - 40% - 0:04
PK3 Defense
1 - 7% - 60% - 0:03
2 - 93% - 40% - 0:42
44 Forward
1 - 69% - 60% - 0:51
2 - 31% - 40% - 0:23
44 Defense
1 - 78% - 60% - 0:58
2 - 22% - 40% - 0:16
Last Minute Offensive - 1:04
Last Minute Defensive - 0:00
Total
Forward - 60:00
Defense - 60:00
|
Play by Play
1st period
0:01 of 1st period - Tim Connolly wins face-off versus Patrice Bergeron in neutral zone.
0:22 of 1st period - Minor Penalty to Guillaume Latendresse for Tripping.
0:23 of 1st period - Patrice Bergeron wins face-off versus Scott Gomez in Panthers zone.
0:50 of 1st period - Ian White is hit by Mike Cammalleri.
0:56 of 1st period - Wrist shot by Stephen Weiss.
0:56 of 1st period - Shot Blocked by Ian White.
0:58 of 1st period - Slapshot by Mark Fistric.
0:58 of 1st period - Shot Blocked by Ian White.
1:12 of 1st period - Shawn Horcoff is hit by Mike Cammalleri and loses puck.
1:21 of 1st period - Snap shot by Stephen Weiss.
1:21 of 1st period - Shot Blocked by Shawn Horcoff.
1:23 of 1st period - Slapshot by Jakob Silfverberg.
1:23 of 1st period - Shot Misses the Net.
1:25 of 1st period - Slapshot by Mark Fistric.
1:25 of 1st period - Deflect By Stephen Weiss.
1:25 of 1st period - Shot Misses the Net.
1:25 of 1st period - Puck is out of play.
1:26 of 1st period - Patrice Bergeron wins face-off versus Scott Gomez in Panthers zone.
1:30 of 1st period - Wrist shot by Cam Barker.
1:30 of 1st period - Shot Misses the Net.
1:52 of 1st period - Milan Lucic is hit by Jonathan Sigalet and loses puck.
2:13 of 1st period - Ian White is hit by Gustav Nyquist and loses puck.
2:22 of 1st period - Penalty to Guillaume Latendresse is over, Guillaume Latendresse is back on ice.
2:36 of 1st period - Marian Hossa is hit by Matt Read and loses puck.
2:44 of 1st period - Icing by Guillaume Latendresse.
2:45 of 1st period - Valtteri Filppula wins face-off versus Jonathan Matsumoto in Panthers zone.
2:58 of 1st period - Slapshot by Jeff Tambellini.
2:58 of 1st period - Stopped by Henrik Lundqvist with a rebound.
3:00 of 1st period - Slapshot by Jeff Tambellini.
3:00 of 1st period - Stopped by Henrik Lundqvist with a rebound.
3:16 of 1st period - Slapshot by Patrice Bergeron.
3:16 of 1st period - Stopped by Antti Niemi with a rebound.
3:30 of 1st period - Wrist shot by Jakob Silfverberg.
3:30 of 1st period - Stopped by Antti Niemi without a rebound.
3:31 of 1st period - Shawn Horcoff wins face-off versus Stephen Weiss in Panthers zone.
3:46 of 1st period - Snap shot by Shawn Horcoff.
3:46 of 1st period - Stopped by Henrik Lundqvist without a rebound.
3:47 of 1st period - Tim Connolly wins face-off versus Patrice Bergeron in Rangers zone.
3:58 of 1st period - Slapshot by Milan Lucic.
3:58 of 1st period - Stopped by Antti Niemi with a rebound.
4:14 of 1st period - Patrik Nemeth is hit by Scott Gomez and loses puck.
4:29 of 1st period - Minor Penalty to Sergei Samsonov for Hooking.
4:30 of 1st period - Patrice Bergeron wins face-off versus Scott Gomez in Panthers zone.
6:09 of 1st period - Icing by Patrice Bergeron.
6:10 of 1st period - Patrice Bergeron wins face-off versus Scott Gomez in Rangers zone.
6:25 of 1st period - Minor Penalty to Erik Gudbranson for Hooking.
6:26 of 1st period - Stephen Weiss wins face-off versus Guillaume Latendresse in Panthers zone.
6:29 of 1st period - Penalty to Sergei Samsonov is over, Sergei Samsonov is back on ice.
6:53 of 1st period - Snap shot by Ian White.
6:53 of 1st period - Stopped by Henrik Lundqvist with a rebound.
8:03 of 1st period - James Neal is hit by Guillaume Latendresse and loses puck.
8:25 of 1st period - Penalty to Erik Gudbranson is over, Erik Gudbranson is back on ice.
8:32 of 1st period - Radko Gudas is hit by Sean Couturier and loses puck.
9:28 of 1st period - Milan Lucic is hit by Ian White and loses puck.
9:43 of 1st period - Milan Lucic is hit by Daniel Sedin and loses puck.
12:01 of 1st period - Gustav Nyquist is hit by Matthew Spiller and loses puck.
12:16 of 1st period - Gustav Nyquist is hit by Alexander Perezhogin and loses puck.
12:41 of 1st period - Ian White is hit by Matt Read and loses puck.
12:54 of 1st period - Snap shot by Jakob Silfverberg.
12:54 of 1st period - Goal by Jakob Silfverberg - Rangers : 1 - Panthers : 0.
12:55 of 1st period - Tim Connolly wins face-off versus Patrice Bergeron in neutral zone.
13:02 of 1st period - Snap shot by Guillaume Latendresse.
13:02 of 1st period - Stopped by Henrik Lundqvist with a rebound.
13:25 of 1st period - Scott Gomez is hit by Patrik Nemeth and loses puck.
13:45 of 1st period - Alexei Emelin is hit by Matthew Spiller and loses puck.
13:50 of 1st period - Wrist shot by Daniel Sedin.
13:50 of 1st period - Shot Misses the Net.
13:56 of 1st period - Minor Penalty to Staffan Kronwall for Tripping.
13:57 of 1st period - Milan Lucic wins face-off versus Guillaume Latendresse in Rangers zone.
14:34 of 1st period - Alexei Emelin is hit by Guillaume Latendresse and loses puck.
15:56 of 1st period - Penalty to Staffan Kronwall is over, Staffan Kronwall is back on ice.
15:58 of 1st period - Mike Cammalleri is hit by Daniel Sedin and loses puck.
16:21 of 1st period - Backhand shot by Nathan Gerbe.
16:21 of 1st period - Shot Blocked by William Colbert.
16:23 of 1st period - Backhand shot by Mark Fistric.
16:23 of 1st period - Stopped by Antti Niemi without a rebound.
16:24 of 1st period - Shawn Horcoff wins face-off versus Valtteri Filppula in Panthers zone.
17:08 of 1st period - Guillaume Latendresse is hit by Nick Foligno and loses puck.
17:28 of 1st period - Snap shot by Erik Gudbranson.
17:28 of 1st period - Shot Misses the Net.
17:30 of 1st period - Backhand shot by Guillaume Latendresse.
17:30 of 1st period - Deflect By Marian Hossa.
17:30 of 1st period - Shot Misses the Net.
17:30 of 1st period - Puck is out of play.
17:31 of 1st period - Scott Gomez wins face-off versus Patrice Bergeron in Rangers zone.
17:36 of 1st period - Wrist shot by Scott Gomez.
17:36 of 1st period - Stopped by Henrik Lundqvist without a rebound.
17:37 of 1st period - Scott Gomez wins face-off versus Patrice Bergeron in Rangers zone.
17:48 of 1st period - Snap shot by Milan Lucic.
17:48 of 1st period - Shot Misses the Net.
17:50 of 1st period - Slapshot by Cam Barker.
17:50 of 1st period - Shot Misses the Net.
18:04 of 1st period - Stephen Weiss is hit by Guillaume Latendresse and loses puck.
18:31 of 1st period - Snap shot by Nick Foligno.
18:31 of 1st period - Shot Blocked by Jonathan Sigalet.
18:33 of 1st period - Snap shot by Sean Couturier.
18:33 of 1st period - Shot Misses the Net.
18:57 of 1st period - Jeff Tambellini is hit by Milan Lucic and loses puck.
19:16 of 1st period - Wrist shot by Sergei Samsonov.
19:16 of 1st period - Deflect By Peter Prucha.
19:16 of 1st period - Stopped by Henrik Lundqvist with a rebound.
19:18 of 1st period - Slapshot by Jonathan Sigalet.
19:18 of 1st period - Stopped by Henrik Lundqvist with a rebound.
19:20 of 1st period - Slapshot by Scott Gomez.
19:20 of 1st period - Shot Misses the Net.
19:29 of 1st period - Off-side.
19:30 of 1st period - Stephen Weiss wins face-off versus Tim Connolly in neutral zone.
19:47 of 1st period - Snap shot by Tim Connolly.
19:47 of 1st period - Deflect By Guillaume Latendresse.
19:47 of 1st period - Stopped by Henrik Lundqvist with a rebound.
Goals for this period are 1 for Rangers vs 0 for Panthers.
Shots for this period are 5 for Rangers vs 9 for Panthers.
2nd period
0:01 of 2nd period - Patrice Bergeron wins face-off versus Guillaume Latendresse in neutral zone.
0:12 of 2nd period - Slapshot by Tim Connolly.
0:12 of 2nd period - Shot Blocked by Patrice Bergeron.
0:14 of 2nd period - Snap shot by Guillaume Latendresse.
0:14 of 2nd period - Stopped by Henrik Lundqvist without a rebound.
0:15 of 2nd period - Stephen Weiss wins face-off versus Scott Gomez in Rangers zone.
0:15 of 2nd period - Stephen Weiss is hit by Peter Prucha.
0:20 of 2nd period - Cam Barker is hit by Sergei Samsonov and loses puck.
0:23 of 2nd period - Minor Penalty to Scott Gomez for Roughing.
0:24 of 2nd period - Shawn Horcoff wins face-off versus Milan Lucic in Panthers zone.
0:24 of 2nd period - Shawn Horcoff is hit by Patrice Bergeron.
0:36 of 2nd period - Slapshot by Jakob Silfverberg.
0:36 of 2nd period - Shot Misses the Net.
0:38 of 2nd period - Slapshot by Jakob Silfverberg.
0:38 of 2nd period - Deflect By Erik Gudbranson.
0:38 of 2nd period - Stopped by Antti Niemi without a rebound.
0:39 of 2nd period - Patrice Bergeron wins face-off versus Shawn Horcoff in Panthers zone.
0:40 of 2nd period - Slapshot by Milan Lucic.
0:40 of 2nd period - Goal by Milan Lucic - Rangers : 2 - Panthers : 0.
0:41 of 2nd period - Tim Connolly wins face-off versus Patrice Bergeron in neutral zone.
0:46 of 2nd period - Milan Lucic is hit by Erik Gudbranson and loses puck.
0:55 of 2nd period - Slapshot by Cam Barker.
0:55 of 2nd period - Shot Blocked by Marian Hossa.
1:03 of 2nd period - Minor Penalty to Ian White for Roughing.
1:04 of 2nd period - Patrice Bergeron wins face-off versus Scott Gomez in Panthers zone.
1:05 of 2nd period - Slapshot by Milan Lucic.
1:05 of 2nd period - Shot Misses the Net.
1:19 of 2nd period - Wrist shot by Guillaume Latendresse.
1:19 of 2nd period - Shot Misses the Net.
1:52 of 2nd period - Jonathan Sigalet is hit by Stephen Weiss and loses puck.
3:03 of 2nd period - Penalty to Ian White is over, Ian White is back on ice.
3:17 of 2nd period - Minor Penalty to Sean Couturier for Cross-checking.
3:18 of 2nd period - Marian Hossa wins face-off versus Milan Lucic in Rangers zone.
5:17 of 2nd period - Penalty to Sean Couturier is over, Sean Couturier is back on ice.
5:22 of 2nd period - Wrist shot by Nick Foligno.
5:22 of 2nd period - Shot Misses the Net.
5:24 of 2nd period - Snap shot by Nick Foligno.
5:24 of 2nd period - Stopped by Antti Niemi without a rebound.
5:25 of 2nd period - Sean Couturier wins face-off versus Jonathan Matsumoto in Panthers zone.
5:26 of 2nd period - Slapshot by Matt Read.
5:26 of 2nd period - Goal by Matt Read - Rangers : 3 - Panthers : 0.
5:27 of 2nd period - Patrice Bergeron wins face-off versus Tim Connolly in neutral zone.
5:29 of 2nd period - James Neal is hit by Jonathan Sigalet.
6:40 of 2nd period - Ian White is hit by Patrice Bergeron and loses puck.
6:55 of 2nd period - Wrist shot by Guillaume Latendresse.
6:55 of 2nd period - Shot Blocked by Gustav Nyquist.
6:57 of 2nd period - Snap shot by Guillaume Latendresse.
6:57 of 2nd period - Stopped by Henrik Lundqvist with a rebound.
6:59 of 2nd period - Slapshot by Marian Hossa.
6:59 of 2nd period - Stopped by Henrik Lundqvist with a rebound.
7:01 of 2nd period - Slapshot by Ian White.
7:01 of 2nd period - Stopped by Henrik Lundqvist with a rebound.
7:39 of 2nd period - Wrist shot by Nick Foligno.
7:39 of 2nd period - Stopped by Antti Niemi without a rebound.
7:39 of 2nd period - Minor Penalty to Sean Couturier for Slashing.
7:40 of 2nd period - Tim Connolly wins face-off versus Milan Lucic in Rangers zone.
7:55 of 2nd period - Slapshot by Marian Hossa.
7:55 of 2nd period - Goal by Marian Hossa - Rangers : 3 - Panthers : 1.
7:56 of 2nd period - Tim Connolly wins face-off versus Patrice Bergeron in neutral zone.
8:28 of 2nd period - Snap shot by Peter Prucha.
8:28 of 2nd period - Stopped by Henrik Lundqvist without a rebound.
8:29 of 2nd period - Stephen Weiss wins face-off versus Scott Gomez in Rangers zone.
8:29 of 2nd period - Stephen Weiss is hit by Sergei Samsonov.
8:37 of 2nd period - Sergei Samsonov is hit by Patrik Nemeth and loses puck.
9:00 of 2nd period - Snap shot by Stephen Weiss.
9:00 of 2nd period - Stopped by Antti Niemi without a rebound.
9:01 of 2nd period - Patrice Bergeron wins face-off versus Tim Connolly in Panthers zone.
9:02 of 2nd period - Snap shot by Milan Lucic.
9:02 of 2nd period - Shot Misses the Net.
9:16 of 2nd period - Wrist shot by James Neal.
9:16 of 2nd period - Shot Misses the Net.
9:26 of 2nd period - Snap shot by Valtteri Filppula.
9:26 of 2nd period - Stopped by Antti Niemi with a rebound.
9:34 of 2nd period - Slapshot by Erik Gudbranson.
9:34 of 2nd period - Shot Misses the Net.
9:36 of 2nd period - Slapshot by Erik Gudbranson.
9:36 of 2nd period - Shot Blocked by Colten Teubert.
9:38 of 2nd period - Snap shot by Shawn Horcoff.
9:38 of 2nd period - Shot Blocked by Colten Teubert.
9:40 of 2nd period - Slapshot by Ian White.
9:40 of 2nd period - Stopped by Henrik Lundqvist without a rebound.
9:41 of 2nd period - Patrice Bergeron wins face-off versus Scott Gomez in Rangers zone.
9:43 of 2nd period - Minor Penalty to Patrice Bergeron for Holding.
9:44 of 2nd period - Tim Connolly wins face-off versus Milan Lucic in Rangers zone.
9:49 of 2nd period - Wrist shot by Marian Hossa.
9:49 of 2nd period - Shot Blocked by Mark Fistric.
9:51 of 2nd period - Wrist shot by Erik Gudbranson.
9:51 of 2nd period - Stopped by Henrik Lundqvist without a rebound.
9:52 of 2nd period - Tim Connolly wins face-off versus Milan Lucic in Rangers zone.
9:53 of 2nd period - Wrist shot by Guillaume Latendresse.
9:53 of 2nd period - Stopped by Henrik Lundqvist without a rebound.
9:54 of 2nd period - Milan Lucic wins face-off versus Guillaume Latendresse in Rangers zone.
10:29 of 2nd period - Milan Lucic is hit by Sergei Samsonov and loses puck.
11:37 of 2nd period - Stephen Weiss is hit by Jonathan Sigalet and loses puck.
11:43 of 2nd period - Penalty to Patrice Bergeron is over, Patrice Bergeron is back on ice.
12:19 of 2nd period - Daniel Sedin is hit by Milan Lucic and loses puck.
12:43 of 2nd period - Staffan Kronwall is hit by Tomas Kopecky and loses puck.
14:17 of 2nd period - Slapshot by Radko Gudas.
14:17 of 2nd period - Stopped by Henrik Lundqvist without a rebound.
14:18 of 2nd period - Valtteri Filppula wins face-off versus Tim Connolly in Rangers zone.
14:18 of 2nd period - Valtteri Filppula is hit by Tim Connolly.
14:53 of 2nd period - Wrist shot by Peter Prucha.
14:53 of 2nd period - Deflect By Milan Lucic.
14:53 of 2nd period - Stopped by Henrik Lundqvist with a rebound.
15:15 of 2nd period - Snap shot by Stephen Weiss.
15:15 of 2nd period - Shot Misses the Net.
15:21 of 2nd period - Minor Penalty to Daniel Sedin for Slashing.
15:22 of 2nd period - Patrice Bergeron wins face-off versus Scott Gomez in Panthers zone.
15:41 of 2nd period - Scott Gomez is hit by Milan Lucic.
17:21 of 2nd period - Penalty to Daniel Sedin is over, Daniel Sedin is back on ice.
17:24 of 2nd period - Daniel Sedin is hit by Alexei Emelin and loses puck.
17:35 of 2nd period - Snap shot by Daniel Sedin.
17:35 of 2nd period - Stopped by Henrik Lundqvist with a rebound.
17:41 of 2nd period - Wrist shot by Jeff Tambellini.
17:41 of 2nd period - Stopped by Henrik Lundqvist without a rebound.
17:42 of 2nd period - Nathan Gerbe wins face-off versus Scott Gomez in Rangers zone.
18:15 of 2nd period - Minor Penalty to Jakob Silfverberg for Holding.
18:16 of 2nd period - Milan Lucic wins face-off versus Tim Connolly in Rangers zone.
18:43 of 2nd period - Cam Barker is hit by Sergei Samsonov and loses puck.
18:48 of 2nd period - Snap shot by Sergei Samsonov.
18:48 of 2nd period - Shot Misses the Net.
18:50 of 2nd period - Slapshot by Scott Gomez.
18:50 of 2nd period - Stopped by Henrik Lundqvist without a rebound.
18:51 of 2nd period - Stephen Weiss wins face-off versus Tim Connolly in Rangers zone.
Goals for this period are 2 for Rangers vs 1 for Panthers.
Shots for this period are 7 for Rangers vs 14 for Panthers.
3rd period
0:01 of 3rd period - Milan Lucic wins face-off versus Tim Connolly in neutral zone.
0:12 of 3rd period - Slapshot by Ian White.
0:12 of 3rd period - Stopped by Henrik Lundqvist without a rebound.
0:13 of 3rd period - Tim Connolly wins face-off versus Milan Lucic in Rangers zone.
0:15 of 3rd period - Penalty to Jakob Silfverberg is over, Jakob Silfverberg is back on ice.
0:18 of 3rd period - Backhand shot by Marian Hossa.
0:18 of 3rd period - Shot Misses the Net.
0:20 of 3rd period - Slapshot by Erik Gudbranson.
0:20 of 3rd period - Shot Misses the Net.
0:22 of 3rd period - Slapshot by Ian White.
0:22 of 3rd period - Shot Misses the Net.
0:24 of 3rd period - Snap shot by Marian Hossa.
0:24 of 3rd period - Stopped by Henrik Lundqvist without a rebound.
0:25 of 3rd period - Tim Connolly wins face-off versus Patrice Bergeron in Rangers zone.
0:28 of 3rd period - Snap shot by Marian Hossa.
0:28 of 3rd period - Shot Misses the Net.
0:30 of 3rd period - Snap shot by Tim Connolly.
0:30 of 3rd period - Goal by Tim Connolly - Rangers : 3 - Panthers : 2.
0:31 of 3rd period - Patrice Bergeron wins face-off versus Tim Connolly in neutral zone.
0:44 of 3rd period - Snap shot by Marian Hossa.
0:44 of 3rd period - Shot Blocked by Patrik Nemeth.
0:46 of 3rd period - Wrist shot by Guillaume Latendresse.
0:46 of 3rd period - Stopped by Henrik Lundqvist with a rebound.
1:03 of 3rd period - Patrik Nemeth is hit by Erik Gudbranson and loses puck.
1:10 of 3rd period - Slapshot by Stephen Weiss.
1:10 of 3rd period - Stopped by Antti Niemi without a rebound.
1:11 of 3rd period - Shawn Horcoff wins face-off versus Stephen Weiss in Panthers zone.
1:36 of 3rd period - Patrice Bergeron is hit by Guillaume Latendresse.
2:00 of 3rd period - Wrist shot by Scott Gomez.
2:00 of 3rd period - Deflect By Peter Prucha.
2:00 of 3rd period - Shot Misses the Net.
2:00 of 3rd period - Puck is out of play.
2:01 of 3rd period - Scott Gomez wins face-off versus Stephen Weiss in Rangers zone.
2:12 of 3rd period - Snap shot by Mike Cammalleri.
2:12 of 3rd period - Stopped by Antti Niemi without a rebound.
2:13 of 3rd period - Patrice Bergeron wins face-off versus Tim Connolly in Panthers zone.
2:23 of 3rd period - Off-side.
2:24 of 3rd period - Patrice Bergeron wins face-off versus Tim Connolly in neutral zone.
2:29 of 3rd period - Slapshot by Tim Connolly.
2:29 of 3rd period - Shot Misses the Net.
2:39 of 3rd period - Snap shot by James Neal.
2:39 of 3rd period - Stopped by Antti Niemi without a rebound.
2:40 of 3rd period - Scott Gomez wins face-off versus Stephen Weiss in Panthers zone.
2:54 of 3rd period - Sergei Samsonov is hit by Colten Teubert and loses puck.
3:07 of 3rd period - Marian Hossa is hit by Patrice Bergeron and loses puck.
3:19 of 3rd period - Jonathan Sigalet is hit by James Neal and loses puck.
3:36 of 3rd period - Slapshot by Cam Barker.
3:36 of 3rd period - Stopped by Antti Niemi without a rebound.
3:37 of 3rd period - Stephen Weiss wins face-off versus Scott Gomez in Panthers zone.
3:45 of 3rd period - Minor Penalty to Sergei Samsonov for Tripping.
3:46 of 3rd period - Scott Gomez wins face-off versus Milan Lucic in Panthers zone.
5:21 of 3rd period - Guillaume Latendresse is hit by Patrice Bergeron and loses puck.
5:45 of 3rd period - Penalty to Sergei Samsonov is over, Sergei Samsonov is back on ice.
7:55 of 3rd period - Snap shot by Jeff Tambellini.
7:55 of 3rd period - Shot Misses the Net.
8:59 of 3rd period - Colten Teubert is hit by Marian Hossa.
9:13 of 3rd period - Patrik Nemeth is hit by Peter Prucha and loses puck.
9:44 of 3rd period - Minor Penalty to Milan Lucic for Hooking.
9:45 of 3rd period - Tim Connolly wins face-off versus Nathan Gerbe in Rangers zone.
9:54 of 3rd period - Wrist shot by Tim Connolly.
9:54 of 3rd period - Stopped by Henrik Lundqvist with a rebound.
9:56 of 3rd period - Slapshot by Matthew Spiller.
9:56 of 3rd period - Shot Blocked by Cam Barker.
9:58 of 3rd period - Slapshot by Marian Hossa.
9:58 of 3rd period - Shot Blocked by Mark Fistric.
11:11 of 3rd period - Sergei Samsonov is hit by Colten Teubert and loses puck.
11:44 of 3rd period - Penalty to Milan Lucic is over, Milan Lucic is back on ice.
12:03 of 3rd period - Snap shot by William Colbert.
12:03 of 3rd period - Stopped by Henrik Lundqvist with a rebound.
12:15 of 3rd period - Jakob Silfverberg is hit by Radko Gudas and loses puck.
12:28 of 3rd period - Slapshot by Alexei Emelin.
12:28 of 3rd period - Stopped by Antti Niemi without a rebound.
12:29 of 3rd period - Shawn Horcoff wins face-off versus Patrice Bergeron in Panthers zone.
12:46 of 3rd period - Snap shot by Daniel Sedin.
12:46 of 3rd period - Shot Misses the Net.
12:48 of 3rd period - Slapshot by Jonathan Sigalet.
12:48 of 3rd period - Shot Blocked by Colten Teubert.
12:52 of 3rd period - Wrist shot by Alexander Perezhogin.
12:52 of 3rd period - Stopped by Henrik Lundqvist with a rebound.
12:54 of 3rd period - Minor Penalty to Sean Couturier for Hooking.
12:55 of 3rd period - Milan Lucic wins face-off versus Tim Connolly in Rangers zone.
12:55 of 3rd period - Milan Lucic is hit by Tim Connolly.
13:39 of 3rd period - Minor Penalty to Erik Gudbranson for Tripping.
13:40 of 3rd period - Tim Connolly wins face-off versus Milan Lucic in Panthers zone.
13:40 of 3rd period - Tim Connolly is hit by Milan Lucic.
13:46 of 3rd period - Gustav Nyquist is hit by Tim Connolly and loses puck.
13:53 of 3rd period - Wrist shot by Tim Connolly.
13:53 of 3rd period - Shot Blocked by Colten Teubert.
13:55 of 3rd period - Snap shot by Jonathan Sigalet.
13:55 of 3rd period - Stopped by Henrik Lundqvist without a rebound.
13:56 of 3rd period - Gustav Nyquist wins face-off versus Tim Connolly in Rangers zone.
14:44 of 3rd period - Wrist shot by Stephen Weiss.
14:44 of 3rd period - Shot Misses the Net.
14:46 of 3rd period - Snap shot by Mike Cammalleri.
14:46 of 3rd period - Shot Misses the Net.
14:54 of 3rd period - Penalty to Sean Couturier is over, Sean Couturier is back on ice.
14:56 of 3rd period - Minor Penalty to Jonathan Sigalet for Cross-checking.
14:57 of 3rd period - Milan Lucic wins face-off versus Guillaume Latendresse in Panthers zone.
15:39 of 3rd period - Penalty to Erik Gudbranson is over, Erik Gudbranson is back on ice.
15:59 of 3rd period - Patrice Bergeron is hit by Radko Gudas and loses puck.
16:12 of 3rd period - Sean Couturier is hit by Scott Gomez and loses puck.
16:56 of 3rd period - Penalty to Jonathan Sigalet is over, Jonathan Sigalet is back on ice.
17:50 of 3rd period - James Neal is hit by Jonathan Sigalet and loses puck.
18:09 of 3rd period - Mark Fistric is hit by Daniel Sedin and loses puck.
18:45 of 3rd period - Matt Read is hit by Tim Connolly and loses puck.
18:59 of 3rd period - Icing by Alexei Emelin.
19:00 of 3rd period - Mike Cammalleri wins face-off versus Tim Connolly in Rangers zone.
19:00 of 3rd period - Mike Cammalleri is hit by Guillaume Latendresse.
19:08 of 3rd period - Patrice Bergeron is hit by Guillaume Latendresse.
19:12 of 3rd period - Alexei Emelin is hit by Marian Hossa and loses puck.
19:15 of 3rd period - Panthers, Antti Niemi is pulled from the net.
19:47 of 3rd period - Snap shot by Guillaume Latendresse.
19:47 of 3rd period - Stopped by Henrik Lundqvist without a rebound.
19:48 of 3rd period - Alain Vigneault call a timeout for Panthers.
19:48 of 3rd period - Milan Lucic wins face-off versus Guillaume Latendresse in Rangers zone.
Goals for this period are 0 for Rangers vs 1 for Panthers.
Shots for this period are 5 for Rangers vs 9 for Panthers.
Back to the Top